 Dungeon Crawl Stone Soup version 0.27-a0-1188-g73eefd5def (webtiles) character file.

Game seed: 6885085823886010291

18 Zonian the Skirmisher (level 2, -1/26 HPs)
             Began as a Demigod Fighter on May 22, 2021.
             Succumbed to an adder's poison
             ... on level 2 of the Dungeon.
             The game lasted 00:01:17 (1143 turns).

Zonian the Skirmisher (Demigod Fighter)             Turns: 1143, Time: 00:01:17

Health: -1/26      AC:  6    Str: 17    XL:     2   Next: 33%
Magic:  4/4        EV:  7    Int: 10    God:
Gold:   39         SH:  9    Dex: 13    Spells: 1/1 levels left

rFire    . . .     SeeInvis .   a - +0 trident
rCold    . . .     Faith    .   c - +0 kite shield
rNeg     . . .     Spirit   .   b - +0 scale mail
rPois    .         Reflect  .   (no helmet)
rElec    .         Harm     .   (no cloak)
rCorr    .         Rampage  .   (no gloves)
Will     .....                  (no boots)
Stlth    ..........             (no amulet)
HPRegen  0.08/turn              (no ring)
MPRegen  0.09/turn              (no ring)

@: lethally poisoned (-1 -> -6)
A: high mp 1, forlorn
a: no special abilities


You were on level 2 of the Dungeon.
You visited 1 branch of the dungeon, and saw 2 of its levels.

You collected 39 gold pieces.

Inventory:

Hand Weapons
 a - a +0 trident (weapon)
 g - a +0 hunting sling
Armour
 b - a +0 scale mail (worn)
 c - a +0 kite shield (worn)
Jewellery
 e - a ring of protection from cold
Potions
 d - a potion of might


   Skills:
 + Level 3.0 Fighting
 + Level 1.8 Polearms
 + Level 2.9 Armour
 + Level 0.2 Stealth
 + Level 2.9 Shields


You had one spell level left.
You didn't know any spells.
Your spell library was empty.

Dungeon Overview and Level Annotations

Branches:
Dungeon (2/15)


Innate Abilities, Weirdness & Mutations

Your attributes grow dramatically as you level up.
You have an increased reservoir of magic. (+10% MP)
You shall have no god before yourself.


Message History

The adder is lightly wounded.
You feel sick. The adder bites you but does no damage. The adder bites you.
* * * LOW HITPOINT WARNING * * *
You are lethally poisoned!
The adder poisons you!
Unknown command.
It was a potion of curing.
You feel better. You block the adder's attack. x2
You hit the adder.
The adder is moderately wounded.
You block the adder's attack.
You don't know any spells.
Unknown command.
You hit the adder.
The adder is severely wounded.
The adder barely misses you. The adder bites you.
You hit the adder.
The adder is almost dead.
You block the adder's attack. x2
You closely miss the adder.
The adder is almost dead.
The adder bites you but does no damage. The adder bites you.
You miss the adder.
The adder is almost dead.
The adder bites you. x2
* * * LOW HITPOINT WARNING * * *
You closely miss the adder.
The adder is almost dead.
The adder bites you.
* * * LOW HITPOINT WARNING * * *
You are lethally poisoned!
The adder poisons you! The adder bites you but does no damage.
Unknown command.
You miss the adder.
The adder is almost dead.
* * * LOW HITPOINT WARNING * * *
You feel sick. The adder barely misses you. You block the adder's attack.
Unknown command.
You puncture the adder!
You kill the adder!
You die...

#.##..##.#
#.#
#.###.##.#
#.#
#.###.##.#
#.#
#........#
#.#
#####.####
#.# ## #.#
#.. .. #.#
###
####.###.#
#.....@..#
...##.#####
#


There were no monsters in sight!

Vanquished Creatures
  An adder (D:2)
  A giant cockroach (D:1)
  A goblin (D:1)
  2 hobgoblins (D:1)
  3 quokkas (D:1)
  5 ball pythons (D:1)
  2 frilled lizards (D:1)
  A kobold (D:1)
  2 rats (D:1)
18 creatures vanquished.

Notes
Turn   | Place    | Note
-------+----------+-------------------------------------------
     0 | D:1      | Zonian the Demigod Fighter began the quest for the Orb.
     0 | D:1      | Reached XP level 1. HP: 18/18 MP: 3/3
   529 | D:1      | Reached skill level 3 in Fighting
   616 | D:1      | Reached XP level 2. HP: 26/26 MP: 4/4
  1142 | D:2      | HP: 1/26 [poisoned by an adder]
  1143 | D:2      | Succumbed to an adder's poison

Illustrated notes

Levels and vault maps discovered:
D:1:      wander_arrival_fairy_ring, layout_basic,
          hellmonk_ecumenical_altar_crossroads
D:2:      layout_loops_corners

Skill      XL: |  1 |
---------------+----+-----
Fighting       | 3 |  3.0
Polearms       | |  1.8
Armour         | |  2.9
Stealth        | |  0.2
Shields        | |  2.9

Action                   || total
-------------------------++-------
Melee: Trident           ||    59
  Use: Potion            ||     1
Armor: Scale mail        ||    17
Dodge: Dodged            ||     8
Block: Kite shield       ||    35

Table legend: (Time is in decaauts)
 A = Elapsed time spent in this place.
 B = Non-inter-level travel time spent in this place.
 C = Inter-level travel time spent in this place.
 D = Time resting spent in this place.
 E = Time spent auto-exploring this place.
 F = Levels seen in this place.
 G = Mean time per level.
                   A        B        C        D        E       F      G
               +--------+--------+--------+--------+--------+-----+--------+
         Total |   1168 |   1150 |     18 |    351 |    660 |   2 |  584.0 |
       Dungeon |   1168 |   1150 |     18 |    351 |    660 |   2 |  584.0 |
               +--------+--------+--------+--------+--------+-----+--------+

Top non-repeatable levels by time:
     D:1: 1099 daAuts
     D:2: 69 daAuts
